AoeStats
← DrMoose626

Arena

510694922Analyzed
4v4 RM · 11h ago on Oct 2, 2026· 57m 46s· 8 players
Game mode
Random Map
Map size
Large (8 player)
Population
200
Speed
Normal
Resources
Standard
Victory
Conquest
Starting age
Dark Age
Ending age
Imperial Age
RankedLock teamsTeams togetherTeam positionsShared explorationLock speedFull tech treeHidden civsTurbo modeCheats
Victory
Defeat
🇲🇽 Mongols · Mexico
967
+15
🇺🇸 Koreans · United States
959
+15
🇺🇸 Jurchens · United States
948
+15
🇲🇽 Bohemians · Mexico
922
+16
🇨🇳 Sicilians · China
991
-18
🇻🇳 Jurchens · Vietnam
937
-15
🇨🇳 Khmer · China
932
-15
🇮🇳 Britons · India
876
-13
Just a sheep
9:20 Feudal Age
10:44 Wheelbarrow
12:24 Double-Bit Axe
15:27 Castle Age
13:35 Horse Collar
16:38 Hand Cart
16:39 Stone Mining
19:01 Heavy Plow
21:44 Bow Saw
25:35 Masonry
30:03 Gold Mining
30:52 Stone Shaft Mining
34:45 Imperial Age
35:07 Gold Shaft Mining
35:36 Elite Ballista Elephant
36:59 Ballistics
37:05 Conscription
42:06 Double Crossbow
43:24 Scale Barding Armor
43:30 Forging
43:10 Fletching
45:27 Chain Barding Armor
45:43 Iron Casting
45:55 Crop Rotation
45:31 Bodkin Arrow
48:14 Plate Barding Armor
51:33 Bloodlines
51:23 Husbandry
xmvo3003
11:55 Feudal Age
16:13 Castle Age
14:15 Horse Collar
14:47 Loom
15:00 Double-Bit Axe
25:21 Treadmill Crane
28:31 Imperial Age
26:40 Wheelbarrow
26:18 Gold Mining
27:00 Ballistics
27:15 Stone Mining
28:05 Gold Shaft Mining
28:00 Bow Saw
28:07 Fletching
28:18 Padded Archer Armor
28:49 Bodkin Arrow
30:26 Chemistry
30:06 Hand Cart
30:22 Bracer
30:08 Pikeman
30:50 Town Watch
31:58 Fortified Wall
32:22 Conscription
33:08 Yeomen
32:19 Elite Longbowman
36:54 Leather Archer Armor
38:23 Hoardings
39:10 Warwolf
39:19 Siege Engineers
39:25 Masonry
43:17 Halberdier
43:59 Squires
48:11 Ring Archer Armor
47:51 Forging
47:42 Scale Mail Armor
53:02 Iron Casting
52:42 Chain Mail Armor
53:45 Herbal Medicine
Rywendyre
12:15 Feudal Age
13:59 Horse Collar
14:11 Loom
15:50 Double-Bit Axe
19:41 Castle Age
17:46 Gold Mining
19:08 Stone Mining
21:59 Gold Shaft Mining
21:30 Heavy Plow
21:43 Bow Saw
25:45 Pikeman
31:54 Wheelbarrow
32:52 Hand Cart
33:08 Squires
32:57 Arson
36:37 Imperial Age
34:29 Scale Mail Armor
33:59 Elite Skirmisher
36:54 Gambesons
36:54 Halberdier
37:15 Capped Ram
38:11 Siege Ram
40:43 Forging
40:48 Chain Mail Armor
41:32 Conscription
44:08 Iron Casting
Tào Tháo
0:34 Loom
13:07 Feudal Age
13:45 Double-Bit Axe
13:41 Horse Collar
13:53 Gold Mining
15:12 Stone Mining
22:41 Castle Age
22:45 Forging
22:43 Scale Barding Armor
23:50 Wheelbarrow
30:09 Bloodlines
33:20 Imperial Age
31:35 Fortified Wall
31:21 Murder Holes
31:47 Ballistics
33:30 Bow Saw
33:21 Heavy Plow
33:58 Gold Shaft Mining
34:13 Iron Casting
34:57 Stone Shaft Mining
35:42 Hand Cart
35:42 Bloodlines
NeessQuiick
10:25 Feudal Age
14:38 Castle Age
12:26 Double-Bit Axe
13:20 Horse Collar
15:34 Loom
25:50 Wheelbarrow
28:37 Fletching
28:48 Padded Archer Armor
33:04 Imperial Age
33:08 Bow Saw
35:56 Bodkin Arrow
37:41 Heavy Plow
38:50 Gold Mining
38:52 Stone Mining
41:06 Drill
42:31 Elite Mangudai
43:26 Scale Barding Armor
44:14 Murder Holes
44:46 Ballistics
45:27 Chemistry
44:58 Bloodlines
44:49 Husbandry
44:10 Light Cavalry
45:06 Onager
48:25 Hussar
53:47 Bracer
54:08 Chain Barding Armor
54:04 Leather Archer Armor
53:58 Siege Engineers
54:45 Siege Onager
aero_nautica
11:40 Feudal Age
16:06 Castle Age
14:41 Loom
16:01 Double-Bit Axe
16:00 Horse Collar
20:21 Fletching
21:18 Bodkin Arrow
26:35 Pikeman
30:14 Imperial Age
31:10 Ballistics
31:26 Gold Mining
34:45 Wheelbarrow
34:41 Bracer
35:35 Eupseong
36:32 Arrowslits
38:55 Heavy Rocket Cart
39:43 Town Watch
40:10 Bow Saw
40:33 Conscription
43:23 Hand Cart
45:15 Crossbowman
46:01 Thumb Ring
46:37 Siege Engineers
46:43 Masonry
48:02 Arbalester
52:55 Shinkichon
54:22 Chemistry
53:54 Architecture
0816victorhugo
10:13 Feudal Age
10:50 Double-Bit Axe
11:16 Horse Collar
14:46 Loom
17:20 Castle Age
19:49 Bow Saw
19:42 Heavy Plow
19:45 Loom
19:47 Town Watch
20:37 Elite Skirmisher
24:00 Town Patrol
26:33 Wheelbarrow
30:09 Imperial Age
28:48 Ballistics
31:38 Chemistry
32:15 Two-Man Saw
32:19 Hand Cart
33:07 Padded Archer Armor
32:58 Fletching
33:18 Forging
33:14 Murder Holes
35:22 Masonry
36:13 Elite Hussite Wagon
48:22 Leather Archer Armor
48:03 Bodkin Arrow
48:43 Iron Casting
50:41 Ring Archer Armor
50:11 Bracer
50:19 Wagenburg Tactics
50:19 Hussite Reforms
49:52 Sappers
50:43 Conscription
51:39 Houfnice
51:42 Onager
54:15 Scale Mail Armor
55:16 Blast Furnace
DrMoose626
11:10 Feudal Age
12:29 Double-Bit Axe
15:00 Castle Age
12:43 Horse Collar
23:45 Gold Mining
24:13 Bow Saw
24:05 Heavy Plow
24:06 Stone Mining
25:12 Wheelbarrow
29:33 Imperial Age
27:24 Hand Cart
29:45 Imperial Age
27:02 Loom
29:17 Sanctity
29:41 Town Watch
31:07 Conscription
31:52 Chemistry
32:09 Two-Man Saw
31:50 Scale Barding Armor
31:14 Elite Iron Pagoda
32:48 Block Printing
33:16 Masonry
33:27 Ballistics
33:24 Bloodlines
34:11 Block Printing
35:05 Gold Shaft Mining
35:05 Stone Shaft Mining
35:29 Chain Barding Armor
36:35 Husbandry
37:45 Architecture
37:52 Plate Barding Armor
37:27 Forging
40:49 Iron Casting
40:05 Fletching
42:18 Thunderclap Bombs
44:38 Blast Furnace
43:33 Bodkin Arrow
46:37 Hoardings
46:20 Bracer
46:20 Padded Archer Armor
47:09 Fortified Bastions
47:25 Town Patrol
Connection lost

Rejoining the realm…

Still unreachable

The connection could not be restored.

Session expired

The server has moved on; the page needs a fresh start.